 Dungeon Crawl Stone Soup version 0.31.0 (webtiles) character file.

Game seed: 7753100658162150926

921 eliilek the Covered (level 7, -2/64 HPs)
             Began as a Minotaur Fighter on Jan 19, 2024.
             Was an Initiate of Nemelex Xobeh.
             Killed by nerve-wracking pain
             ... invoked by an orc priest
              (11 damage)
             ... on level 5 of the Dungeon.
             The game lasted 00:09:15 (3277 turns).

eliilek the Covered (Minotaur Fighter)              Turns: 3277, Time: 00:09:16

Health: -2/64      AC: 10    Str: 20    XL:     7   Next: 84%
Magic:  6/6        EV:  9    Int:  5    God:    Nemelex Xobeh [......]
Gold:   110        SH:  6    Dex: 18    Spells: 6/6 levels left

rFire   + + .        a - +1 mace (drain)
rCold   . . .        c - +0 buckler
rNeg    . . .        k - +0 chain mail
rPois   .            (helmet currently unavailable)
rElec   .            (cloak currently unavailable)
rCorr   +            (gloves currently unavailable)
SInv    .            (boots currently unavailable)
Will    .....        g - amulet "Vamm" {Faith rF++} Stlth
                     j - +6 ring of dexterity
HPRegen 0.30/turn    w - ring of resist corrosion
MPRegen 0.10/turn

%: faith
@: beast-form
A: beast (slay +1), horns 2, retaliatory headbutt
a: Begin Untransformation, Renounce Religion, Draw Escape, Draw Destruction,
Draw Summoning


You were on level 5 of the Dungeon.
You worshipped Nemelex Xobeh.
Nemelex Xobeh was noncommittal.
You were a hulking beast.
You visited 1 branch of the dungeon, and saw 5 of its levels.

You collected 235 gold pieces.
You spent 125 gold pieces at shops.

Inventory:

Hand Weapons
 a - a +1 mace of draining (weapon)
Armour
 c - a +0 buckler (worn)
 k - a +0 chain mail (worn)
Jewellery
 g - the amulet "Vamm" (around neck) {Faith rF++}
   (You bought it in a shop on level 4 of the Dungeon)

   [amulet of faith]

   Faith:     It allows you to gain divine favour quickly.
   rF++:      It greatly protects you from fire.
 j - a +6 ring of dexterity (left hand)
 w - a ring of resist corrosion (right hand)
Talismans
 i - a beast talisman (active)
Wands
 n - a wand of iceblast (10)
Scrolls
 e - 4 scrolls of identify
 f - 2 scrolls of vulnerability {unknown}
 h - a scroll of teleportation {unknown}
 l - a scroll of acquirement {unknown}
 m - a scroll of noise {unknown}
 p - a scroll of fear {unknown}
 q - a scroll of enchant armour {unknown}
 t - 2 scrolls of amnesia {unknown}
Potions
 d - a potion of might
 o - a potion of berserk rage {unknown}
 s - a potion of invisibility {unknown}
 u - a potion of heal wounds {unknown}
 v - 2 potions of ambrosia {unknown}


   Skills:
 * Level 6.6 Fighting
 - Level 2.4 Maces & Flails
 * Level 6.8 Armour
 + Level 3.5 Dodging
 + Level 5.6 Shields
 + Level 2.0 Shapeshifting


You had 6 spell levels left.
You didn't know any spells.
Your spell library contained the following spells:

 Spells                   Type           Power      Damage    Failure   Level
 Ensorcelled Hibernation  Hex/Ice        0%         N/A       99%         2
 Fugue of the Fallen      Necr           0%         N/A       100%        3
 Anguish                  Hex/Necr       0%         N/A       100%        4


Dungeon Overview and Level Annotations

Branches:
Dungeon (5/15)
 Temple: D:4-7

Altars:
Hepliaklqana
Nemelex Xobeh

Shops:
D:4 **


Innate Abilities, Weirdness & Mutations

You are a hulking beast.
Your limbs bulge with bestial killing power. (Slay +1)
You have a pair of horns on your head.
You reflexively headbutt those who attack you in melee.


Message History

You hit the orc priest but do no damage.
You drain the orc priest.
You headbutt the orc priest, but do no damage.
The orc priest is almost dead.
The orc wizard gestures at you while chanting.
You are confused.
The orc priest begins to cast a cantrip, but forgets the words!
The orc wizard hits you with a +0 dagger.
You bump into the rock wall.
The orc priest hits you with a +0 flail.
The orc wizard hits you with a +0 dagger.
Unknown command.
You bump into the rock wall.
The orc priest hits you with a +0 flail.
The orc wizard hits you but does no damage.
Unknown command.
You bump into the rock wall.
The orc hits you with a +0 club.
The orc priest calls down the wrath of Beogh upon you.
Beogh smites you!
* * * LOW HITPOINT WARNING * * *
The orc wizard hits you but does no damage.
You bump into the rock wall.
The orc barely misses you.
The orc priest hits you but does no damage.
The orc wizard hits you but does no damage.
You closely miss the orc priest. Your headbutt misses the orc priest.
The orc priest is almost dead.
You feel less confused. The orc hits you with a +0 club.
* * * LOW HITPOINT WARNING * * *
The orc priest mumbles some strange prayers to Beogh against you.
Beogh smites you!
* * * LOW HITPOINT WARNING * * *
You block the orc wizard's attack.
You feel better. The orc closely misses you. You furiously retaliate!
You headbutt the orc.
You kill the orc!
The orc priest invokes the aid of Beogh against you.
Pain shoots through your body!
You die...
Your body disappears without a glow.

###...........#
....########### .#
..#.#... .# ..#.#.#######
.# ...<.......... ..
..#...#.####.# .###
...........#.# ...
..#.#.#....#.#####.####.#
###.#......#...)h.......#
..##.........oo####....
.......................)
....##...........####...
### #......<........o..
#...............o..
#.......####.......
#.....#.# .......
######### .......


You could see an orc priest (very drained) and an orc wizard.

Vanquished Creatures
  Grinder (D:4)
  A steam dragon (D:4)
  The ghost of VoidStrider the Magician, an amateur OnAE (D:3)
  3 hounds
  3 orc priests
  3 orc wizards (D:4)
  2 iguanas (D:4)
  7 adders
  3 gnolls (D:2)
  2 ribbon worms
  A dart slug (D:1)
  19 orcs
  7 bats
  8 endoplasms
  5 giant cockroaches
  5 goblins
  6 hobgoblins
  7 jackals
  3 kobolds
  6 quokkas
  6 ball pythons
  4 frilled lizards
  6 rats
109 creatures vanquished.

Notes
Turn   | Place    | Note
-------+----------+-------------------------------------------
     0 | D:1      | eliilek the Minotaur Fighter began the quest for the Orb.
     0 | D:1      | Reached XP level 1. HP: 19/19 MP: 0/0
   219 | D:1      | Reached XP level 2. HP: 23/27 MP: 1/1
   423 | D:1      | Reached skill level 1 in Dodging
   800 | D:2      | Reached XP level 3. HP: 33/33 MP: 2/2
   922 | D:2      | Reached XP level 4. HP: 25/40 MP: 3/3
  1514 | D:3      | Noticed VoidStrider's ghost (amateur OnAE)
  1516 | D:3      | Found a runed translucent gate.
  1517 | D:3      | Found a runed translucent gate.
  1518 | D:3      | Found a runed translucent gate.
  1608 | D:3      | Identified the +0 leather armour of Kisex {-Tele rElec
                  | Str+5}
  1676 | D:3      | Found a hazy altar of Hepliaklqana.
  2124 | D:3      | Reached skill level 5 in Armour
  2126 | D:3      | Reached XP level 5. HP: 41/47 MP: 4/4
  2126 | D:3      | Killed VoidStrider's ghost
  2127 | D:3      | Reached skill level 5 in Fighting
  2127 | D:3      | Reached skill level 1 in Shapeshifting
  2179 | D:4      | Found Cuajis's Assorted Antiques.
  2182 | D:4      | Bought a coiled silver amulet for 125 gold pieces
  2182 | D:4      | Identified the amulet "Vamm" {Faith rF++} (You bought it in
                  | a shop on level 4 of the Dungeon)
  2211 | D:4      | Reached XP level 6. HP: 48/56 MP: 5/5
  2338 | D:4      | HP: 2/52 [something (4)]
  2344 | D:4      | Reached skill level 5 in Shields
  2604 | D:4      | Noticed a steam dragon
  2617 | D:4      | Killed a steam dragon
  2618 | D:4      | Reached XP level 7. HP: 48/62 MP: 6/6
  2761 | D:4      | Found a sparkling altar of Nemelex Xobeh.
  2818 | D:4      | Found Fusm's Lightly-Used Armoury.
  2836 | D:4      | Noticed Grinder
  2851 | D:4      | Killed Grinder
  3157 | D:5      | Entered Level 5 of the Dungeon
  3233 | D:4      | Became a worshipper of Nemelex Xobeh the Trickster
  3276 | D:5      | HP: 3/64 [orc priest/divine providence (10)]
  3277 | D:5      | Killed from afar by an orc priest

Illustrated notes

Levels and vault maps discovered:
D:1:      dpeg_arrival_pits, layout_basic
D:2:      layout_loops_ring
D:3:      kennysheep_six_static_rooms, layout_basic,
          mainiacjoe_overflow_catwalk, gammafunk_ghost_split, corner_web_ring,
          ebering_dispersal_statue_hall
D:4:      layout_basic, nicolae_overflow_hidden_temple, serial_shops,
          nicolae_stop_n_shop_2, minmay_shop_damaged, uniq_grinder
D:5:      layout_basic, kennysheep_mini, mainiacjoe_overflow_paths,
          serial_curves, eino_curves_04, eino_curves_02

Skill      XL: |  1  2  3  4  5  6  7 |
---------------+----------------------+-----
Armour         | 4 5 6 |  6.8
Dodging        | 1 2 3 |  3.5
Shields        | 4 5 |  5.6
Fighting       | 4 5 6 |  6.6
Shapeshifting  | 1 2 |  2.0
Maces & Flails | |  2.4

Action                     |  1- 3 |  4- 6 |  7- 9 || total
---------------------------+-------+-------+-------++-------
  Melee: Flail             |    54 |   108 |       ||   162
         Headbutt          |     9 |    25 |     9 ||    43
         Mace              |       |    27 |    38 ||    65
    Use: Potion            |       |     2 |     1 ||     3
         Scroll            |       |     2 |       ||     2
 Armour: Scale mail        |    29 |     1 |       ||    30
         Chain mail        |       |   126 |    31 ||   157
  Dodge: Dodged            |    38 |    65 |    18 ||   121
  Block: Buckler           |    14 |    53 |    11 ||    78
   Form: Beast             |     1 |     1 |       ||     2
                           |       |     1 |       ||     1
